AoeStats
← Kylig

Arena

507830846Analyzed
3v3 RM · 13d ago on Sep 19, 2026· 52m 4s· 6 players
Game mode
Random Map
Map size
Normal (6 player)
Population
200
Speed
Normal
Resources
Standard
Victory
Conquest
Starting age
Dark Age
Ending age
Imperial Age
RankedLock teamsTeams togetherTeam positionsShared explorationLock speedFull tech treeHidden civsTurbo modeCheats
Victory
Defeat
🇺🇸 Spanish · United States
838
+8
🇬🇧 Celts · United Kingdom
773
+11
🇸🇪 Persians · Sweden
754
+11
🇵🇪 Mongols · Peru
664
-10
🇨🇴 Khmer · Colombia
659
-10
🇧🇷 Goths · Brazil
643
-10
shabolobodingdong
11:14 Feudal Age
16:51 Castle Age
15:07 Stone Mining
20:12 Double-Bit Axe
31:33 Padded Archer Armor
34:29 Imperial Age
32:13 Gold Mining
33:33 Wheelbarrow
32:45 Loom
36:28 Elite Conquistador
39:06 Chemistry
38:29 Ballistics
48:31 Leather Archer Armor
48:32 Bow Saw
50:32 Conscription
Kylig
9:42 Feudal Age
12:20 Wheelbarrow
18:19 Castle Age
16:31 Double-Bit Axe
17:04 Horse Collar
17:18 Gold Mining
20:23 Squires
19:44 Pikeman
28:12 Imperial Age
26:08 Hand Cart
26:27 Bow Saw
26:44 Loom
26:45 Town Watch
27:51 Kamandaran
28:10 Heavy Plow
29:49 Conscription
30:50 Forging
30:32 Fletching
30:43 Scale Mail Armor
30:30 Elite Skirmisher
30:39 Crossbowman
33:53 Thumb Ring
39:30 Elite War Elephant
41:51 Citadels
41:54 Gambesons
43:35 Halberdier
44:20 Padded Archer Armor
44:43 Scale Barding Armor
44:34 Bodkin Arrow
45:20 Iron Casting
46:12 Ballistics
46:53 Chemistry
45:49 Murder Holes
46:05 Masonry
47:55 Arson
49:41 Two-Man Saw
51:56 Leather Archer Armor
52:42 Blast Furnace
51:57 Chain Mail Armor
52:03 Chain Barding Armor
frbbehrens
11:28 Feudal Age
15:23 Castle Age
13:17 Double-Bit Axe
14:12 Horse Collar
16:23 Bow Saw
20:05 Wheelbarrow
23:55 Heavy Plow
25:03 Fletching
27:57 Bodkin Arrow
28:16 Forging
34:09 Stronghold
37:09 Imperial Age
36:46 Gold Mining
37:19 Hand Cart
38:38 Gold Shaft Mining
37:54 Stone Mining
38:42 Ballistics
40:28 Chemistry
39:35 Siege Engineers
39:53 Conscription
39:44 Furor Celtica
39:45 Elite Woad Raider
43:09 Iron Casting
42:35 Scale Mail Armor
43:03 Town Watch
43:04 Loom
43:07 Capped Ram
43:46 Heavy Scorpion
44:32 Siege Ram
48:45 Blast Furnace
48:01 Chain Mail Armor
Jibatog
12:20 Feudal Age
16:13 Castle Age
16:01 Double-Bit Axe
16:00 Horse Collar
17:33 Fletching
17:55 Town Watch
19:36 Heavy Plow
19:51 Loom
19:50 Man-at-Arms
22:12 Bow Saw
24:51 Wheelbarrow
30:43 Imperial Age
29:48 Ballistics
29:34 Gold Mining
29:36 Light Cavalry
30:27 Bloodlines
30:21 Bodkin Arrow
32:15 Scale Barding Armor
32:21 Forging
Pino
9:30 Feudal Age
14:02 Castle Age
16:54 Loom
27:24 Husbandry
28:39 Horse Collar
32:48 Gold Mining
35:24 Wheelbarrow
35:26 Bloodlines
38:53 Hand Cart
38:29 Town Watch
hoan
1:00 Loom
9:58 Feudal Age
12:22 Horse Collar
13:13 Double-Bit Axe
20:01 Castle Age
19:34 Stone Mining
22:06 Stone Shaft Mining
22:38 Heavy Plow
24:06 Ballistics
24:59 Fletching
27:31 Wheelbarrow
27:31 Town Watch
28:31 Gold Mining
34:13 Imperial Age
32:34 Thumb Ring
33:02 Bodkin Arrow
33:07 Padded Archer Armor
35:31 Gold Shaft Mining
34:45 Pikeman
36:06 Drill
36:07 Conscription
36:52 Bracer
37:08 Leather Archer Armor
37:55 Chemistry
37:13 Squires
38:12 Elite Mangudai
39:58 Parthian Tactics
41:56 Scale Barding Armor
44:19 Capped Ram
45:55 Heavy Scorpion
Connection lost

Rejoining the realm…

Still unreachable

The connection could not be restored.

Session expired

The server has moved on; the page needs a fresh start.